 Dungeon Crawl Stone Soup version 0.31.0-11-ge490571c62 (webtiles) character file.

Game seed: 3991461144044436075

252 qw the Skirmisher (level 5, -3/31 HPs)
             Began as a Deep Elf Hunter on Feb 3, 2024.
             Incinerated by a bombardier beetle (4 damage)
             ... with a burning spray
             ... on level 4 of the Dungeon.
             The game lasted 00:00:13 (3128 turns).

qw the Skirmisher (Deep Elf Hunter)                 Turns: 3128, Time: 00:00:13

Health: -3/31      AC:  6    Str:  9 (10) XL:     5   Next: 89%
Magic:  7/7        EV: 10    Int: 11 (14) God:
Gold:   155        SH:  0    Dex: 15 (18) Spells: 4/4 levels left

rFire   . . .        a - +1 shortbow
rCold   . . .        (shield currently unavailable)
rNeg    . . .        d - +0 ring mail
rPois   .            (no helmet)
rElec   .            (no cloak)
rCorr   .            (no gloves)
SInv    +            e - +0 pair of boots
Will    .....        (no amulet)
Stlth   +            c - ring of see invisible
HPRegen 0.25/turn    (no ring)
MPRegen 0.10/turn

%: no passive effects
@: on fire, about to teleport, glowing
A: no striking features
a: no special abilities


You were on level 4 of the Dungeon.
You visited 1 branch of the dungeon, and saw 4 of its levels.

You collected 194 gold pieces.
You spent 39 gold pieces at shops.


   Skills:
 - Level 2.3 Fighting
 + Level 9.1 Ranged Weapons
 - Level 2.4 Dodging
 - Level 1.2 Stealth


You had 4 spell levels left.
You didn't know any spells.
Your spell library was empty.

Inventory:

Hand Weapons
 a - a +1 shortbow (weapon)
Armour
 d - a +0 ring mail (worn)
 e - a +0 pair of boots (worn)
 n - +0 pearl dragon scales
Jewellery
 c - a ring of see invisible (left hand)
 g - a ring of poison resistance
 k - a +5 ring of evasion
Scrolls
 b - a scroll of poison {unknown}
 l - a scroll of acquirement {unknown}
 o - 2 scrolls of identify
Potions
 f - 5 potions of curing
 h - a potion of cancellation {unknown}
 i - 2 potions of haste {unknown}
 m - a potion of heal wounds {unknown}

Dungeon Overview and Level Annotations

Branches:
Dungeon (4/15)
 Temple: D:4-7

Altars:
Gozag
Wu Jian

Shops:
D:1 (!!


Message History

A bombardier beetle comes into view.
You shoot an arrow.
The arrow hits the bombardier beetle but does no damage.
You shoot an arrow. The arrow hits the bombardier beetle.
The bombardier beetle is moderately wounded.
The bombardier beetle sprays incendiary fluid at you.
The burning spray hits you.
You are covered in liquid fire!
You shoot an arrow.
The arrow hits the bombardier beetle but does no damage.
The bombardier beetle is moderately wounded.
The liquid fire burns you!
You shoot an arrow.
The arrow barely misses the bombardier beetle.
The liquid fire burns you!
You shoot an arrow. The arrow hits the bombardier beetle.
The bombardier beetle is severely wounded.
The liquid fire burns you!
You shoot an arrow.
The arrow hits the bombardier beetle but does no damage.
The bombardier beetle is severely wounded.
The liquid fire burns you!
You shoot an arrow.
The arrow closely misses the bombardier beetle.
The liquid fire burns you!
You shoot an arrow. The arrow hits the bombardier beetle.
The bombardier beetle is severely wounded.
The liquid fire burns you!
The bombardier beetle closely misses you.
3127 ||| READING scroll of teleportation.
As you read the scroll of teleportation, it crumbles to dust.
You feel strangely unstable. The liquid fire burns you!
The bombardier beetle sprays incendiary fluid at you.
The burning spray hits you.
You are even more covered in liquid fire!
You shoot an arrow. The arrow hits the bombardier beetle!
You kill the bombardier beetle!
The liquid fire burns you!
You die...

## # #. .. #. ## .# #.
.###.# .## #. .....###..
.##.#### ###
......#..###..#.@..# #..
..........#.....##.# #.#
.....#.........##..###.#
#...##.........##...##.#
.....#.)......[#.....#.#
....)))...#............#
......#..###..#.......##
.....###.....###.....#####
.###..#.......#..###..#..#


There were no monsters in sight!

Vanquished Creatures
  A bombardier beetle (D:4)
  An orc priest (D:4)
  Terence (D:3)
  8 adders
  2 dart slugs
  4 ribbon worms
  5 orcs
  9 endoplasms
  6 giant cockroaches
  10 goblins
  8 hobgoblins
  10 jackals
  A quokka (D:1)
  13 ball pythons
  9 bats
  4 frilled lizards
  6 kobolds
  6 rats
104 creatures vanquished.

Notes
Turn   | Place    | Note
-------+----------+-------------------------------------------
     0 | D:1      | qw the Deep Elf Hunter began the quest for the Orb.
     0 | D:1      | Reached XP level 1. HP: 12/12 MP: 3/3
     0 | D:1      | 0 ||| qw: Version: 0.3-a-155-g5e7d8dd
     0 | D:1      | 0 ||| qw: Game counter: 3391
     0 | D:1      | 0 ||| qw: Melee chars always use a shield: true
     0 | D:1      | 0 ||| qw: God list: Okawaru
     0 | D:1      | 0 ||| qw: Allow faded altars: false
     0 | D:1      | 0 ||| qw: Do Orc after clearing Dungeon:15 true
     0 | D:1      | 0 ||| qw: Do second Lair branch before Depths: true
     0 | D:1      | 0 ||| qw: Lair rune preference: random
     0 | D:1      | 0 ||| qw: Goals: Normal
     0 | D:1      | 0 ||| PLANNING D:1-11
    80 | D:1      | Reached XP level 2. HP: 16/16 MP: 4/4
    82 | D:1      | Reached skill level 6 in Ranged Weapons
   201 | D:1      | Found Wonieg's Distillery.
   210 | D:1      | 210 ||| SHOPLISTING 2 potions of curing (78 gold, have 43).
   210 | D:1      | 210 ||| BUYING potion of curing (39 gold).
   210 | D:1      | Bought a potion of curing for 39 gold pieces
   210 | D:1      | 210 ||| SHOPLISTING potion of curing (39 gold, have 4).
   214 | D:1      | Found Oqucanem's Antique Weapon Boutique.
   316 | D:1      | Found Yboa's Distillery.
   326 | D:1      | 326 ||| SHOPLISTING potion of haste (130 gold, have 25).
   326 | D:1      | 326 ||| SHOPLISTING potion of might (52 gold, have 25).
   326 | D:1      | 326 ||| SHOPLISTING potion of mutation (104 gold, have 25).
   356 | D:1      | Reached XP level 3. HP: 20/20 MP: 5/5
   680 | D:1      | 680 ||| UPGRADING to +0 ring mail.
   690 | D:1      | 690 ||| DROPPING +0 leather armour.
   691 | D:1      | 691 ||| READING scroll labelled ODASE YSOBI.
   695 | D:1      | 695 ||| READING scroll labelled VOMYEJ FIBETI.
   696 | D:1      | 696 ||| DROPPING scroll of butterflies.
   756 | D:2      | Reached skill level 7 in Ranged Weapons
   905 | D:2      | Found a faded altar of an unknown god.
  1060 | D:2      | Reached XP level 4. HP: 25/25 MP: 6/6
  1244 | D:2      | HP: 6/25 [poisoned by an adder]
  1247 | D:2      | HP: 2/25 [poisoned by an adder]
  1248 | D:2      | 1248 ||| DRINKING 2 potions of curing.
  1248 | D:2      | 1248 ||| (to cure poison)
  1730 | D:2      | 1730 ||| UPGRADING to +0 pair of boots.
  1735 | D:2      | 1735 ||| UPGRADING to ring of see invisible.
  1736 | D:2      | 1736 ||| READING scroll labelled KIXIJA HEACUI.
  1736 | D:2      | 1736 ||| ENCHANTING +0 shortbow.
  1827 | D:3      | Found an opulent altar of Gozag.
  1834 | D:3      | Reached skill level 8 in Ranged Weapons
  2051 | D:3      | Found an ornate altar of the Wu Jian Council.
  2131 | D:3      | Reached XP level 5. HP: 21/29 MP: 7/7
  2555 | D:3      | Noticed Terence
  2565 | D:3      | Killed Terence
  2633 | D:3      | 2633 ||| READING scroll of identify.
  2633 | D:3      | 2633 ||| IDENTIFYING puce potion
  2634 | D:3      | 2634 ||| READING scroll labelled XYHOPN SEVO.
  2635 | D:3      | 2635 ||| READING scroll labelled OWAUHA TEORIU.
  2636 | D:3      | 2636 ||| DRINKING 3 clear potions.
  2637 | D:3      | 2637 ||| DROPPING potion of magic.
  2638 | D:3      | 2638 ||| DROPPING 2 potions of degeneration.
  2701 | D:4      | Reached skill level 9 in Ranged Weapons
  3126 | D:4      | HP: 5/31 [burnt (4)]
  3127 | D:4      | 3127 ||| READING scroll of teleportation.
  3127 | D:4      | HP: 1/31 [burnt (4)]
  3128 | D:4      | Incinerated by a bombardier beetle

Levels and vault maps discovered:
D:1:      psy_arrival_terrarium, layout_basic, serial_shops, shop, shop,
          nicolae_shop_industrial_runoff, nicolae_kite_square_tiling_tiny,
          st_stairs_10
D:2:      layout_basic, ebering_ecumenical_altar_petrified, grunt_ministairs_5
D:3:      layout_loops_corners, grunt_temple_overflow_open, uniq_terence
D:4:      nicolae_cairo_tiling_large_dashed, layout_loops_ring,
          kennysheep_another_room, uniq_crazy_yiuf_cottage

Skill      XL: |  1  2  3  4  5 |
---------------+----------------+-----
Ranged Weapons | 6 7 8 9 |  9.1
Fighting       | 2 |  2.3
Dodging        | |  2.4
Stealth        | |  1.2

Action                     |  1- 3 |  4- 6 || total
---------------------------+-------+-------++-------
   Fire: Shortbow          |   118 |   200 ||   318
    Use: Scroll            |     2 |     5 ||     7
         Potion            |       |     2 ||     2
 Armour: Leather armour    |     6 |       ||     6
         Ring mail         |     9 |    51 ||    60
  Dodge: Dodged            |     9 |    63 ||    72

Table legend:
 A = Non-vault XP
 B = Vault XP
 C = Vault XP percentage of total XP
 D = Non-vault monster count
 E = Vault monster count
 F = Vault count percentage of total count
                 A         B        C        D         E       F
            +---------+---------+-------+---------+---------+-------
      Total |     370 |      39 |   9.5 |      99 |       5 |   4.8
            +---------+---------+-------+---------+---------+-------
        D:1 |      47 |       4 |   7.8 |      27 |       2 |   6.9
        D:2 |      77 |       3 |   3.8 |      28 |       2 |   6.7
        D:3 |      95 |      32 |  25.2 |      25 |       1 |   3.8
        D:4 |     151 |       0 |   0.0 |      19 |       0 |   0.0
            +---------+---------+-------+---------+---------+-------
